 Dungeon Crawl Stone Soup version 0.25.0-26-g0c896c7088 (webtiles) character file.

Game seed: 13840336040549935807

2003 lepoulpe303 the Quickloader (level 9, 0/54 HPs)
             Began as a Kobold Hunter on June 30, 2020.
             Slain by a two-headed ogre
             ... wielding a +0 giant club
              (5 damage)
             ... on level 9 of the Dungeon.
             The game lasted 00:25:04 (6851 turns).

lepoulpe303 the Quickloader (Kobold Hunter)         Turns: 6851, Time: 00:25:05

Health: 0/54       AC: 17    Str: 12    XL:     9   Next: 45%
Magic:  0/9        EV: 10    Int: 12    God:
Gold:   262        SH:  0    Dex: 16    Spells: 8/8 levels left

rFire    . . .     SeeInvis .   a - +1 hand crossbow
rCold    . . .     Gourm    .   (shield restricted)
rNeg     . . .     Faith    .   u - +3 chain mail
rPois    .         Spirit   +   d - +2 hat
rElec    .         Reflect  .   B - +2 cloak {Stlth+}
rCorr    .         Harm     .   (no gloves)
MR       .....                  (no boots)
Stlth    ..........             G - amulet of guardian spirit {Spirit}
HPRegen  0.18/turn              (no ring)
MPRegen  0.11/turn              (no ring)

@: no status effects
A: small, carnivore
a: no special abilities


You were on level 9 of the Dungeon.
You were very full.

You visited 2 branches of the dungeon, and saw 9 of its levels.
You also visited: Ossuary.

You collected 377 gold pieces.
You spent 115 gold pieces at shops.

Inventory:

Hand Weapons
 a - a +1 hand crossbow (weapon)
 b - a +2 dagger of venom
 c - a +0 rapier
Missiles
 g - 13 boomerangs
 L - a throwing net {=f}
 Q - 27 bolts (quivered)
Armour
 d - a +2 hat (worn)
 f - a +0 ring mail
 r - a +0 plate armour
 u - a +3 chain mail (worn)
 y - a +0 cloak of magic resistance {MR+}
 B - a +2 cloak of stealth (worn)
Jewellery
 G - an amulet of guardian spirit (around neck) {Spirit}
 N - an uncursed ring of protection from cold {unknown}
Wands
 x - a wand of iceblast (2)
 D - a wand of digging (4)
 K - a wand of paralysis (4)
 M - a wand of flame (19)
Scrolls
 h - 2 scrolls of fog {unknown}
 i - 7 scrolls of identify
 l - a scroll of amnesia {unknown}
 n - 2 scrolls of blinking {unknown}
 p - a scroll of immolation {unknown}
 t - 6 scrolls of teleportation
 w - 6 scrolls of remove curse
 A - 2 scrolls of magic mapping {unknown}
 C - a scroll of brand weapon {unknown}
 H - a scroll of enchant armour {unknown}
 P - a scroll of random uselessness {unknown}
Potions
 j - 5 potions of flight {unknown}
 k - a potion of lignification {unknown}
 m - a potion of magic {unknown}
 o - a potion of brilliance {unknown}
 q - 4 potions of curing
 s - a potion of degeneration {unknown}
 v - a potion of cancellation {unknown}
 z - 2 potions of ambrosia {unknown}
 E - a potion of heal wounds {unknown}
 F - a potion of stabbing {unknown}
 I - 2 potions of resistance {unknown}
 J - a potion of might {unknown}
 O - a potion of haste {unknown}
Comestibles
 e - 23 rations


   Skills:
 + Level 5.2 Fighting
 + Level 4.4 Short Blades
 * Level 8.9 Crossbows
 * Level 4.6 Armour
 + Level 5.7 Dodging
 - Level 5.5 Stealth


You had 8 spell levels left.
You didn't know any spells.
Your spell library contained the following spells:

 Spells                   Type           Power        Failure   Level  Hunger
 Corona                   Hex            #......      100%        1    ##.....
 Slow                     Hex            #.......     100%        2    ###....
 Inner Flame              Hex/Fire       #.......     100%        3    ####...
 Portal Projectile        Hex/Tloc       #.....       100%        3    ####...
 Cause Fear               Hex            #.........   100%        4    #####..
 Leda's Liquefaction      Hex/Erth       #.........   100%        4    #####..


Dungeon Overview and Level Annotations

Branches:
Dungeon (9/15)             Temple (1/1) D:7         Ossuary (visited)
   Lair: D:8-11         Orc: D:9-12

Altars:
Ashenzari
Cheibriados
Dithmenos
Elyvilon
Fedhas
Gozag
Hepliaklqana
Kikubaaqudgha
Makhleb
Nemelex Xobeh
Qazlal
Ru
Sif Muna
Trog
Uskayaw
Vehumet
Wu Jian
Xom
Yredelemnul
Zin
The Shining One

Shops:
D:5 [   D:8 [   D:9 %[


Innate Abilities, Weirdness & Mutations

You are small and have problems with some larger weapons.
You are carnivorous and can eat meat at any time.


Message History

There is an open door here.
There is a stone staircase leading up, spattered with blood here.
There is an open door here.
MP restored: 9 You open the door.
The two-headed ogre hits you but does no damage.
The two-headed ogre closely misses you.
There is an open door here.
You open the door. The two-headed ogre closely misses you.
The two-headed ogre hits you with a +0 giant club!
* * * LOW HITPOINT WARNING * * *
You take 7 damage, and have 15/54 hp.
You now have 7/9 mp.
There is an open door here.
You open the door.
There is an open door here.
The two-headed ogre hits you with a +0 giant club!
* * * LOW HITPOINT WARNING * * *
The two-headed ogre hits you with a +0 giant club!
* * * LOW MAGIC WARNING * * *
You die...

#(###........>#####....
#.(((.)..........##....
#####.........##..'....
#.........#####....
#.........# #....
#.........# #....
#.........# ##'##
##.######## #... #@#
##### ##O###### #....
#.......# #....
#.......# ###....
#.......#####.'....
#.......'.....#.)..
#.......#######....
#.).....# #....
######### #....


You could see a two-headed ogre.

Levels and vault maps discovered:
D:1:      lightli_arrival_farm, layout_basic
D:2:      layout_loops_ring
D:3:      layout_rooms
D:4:      layout_rooms, demons_altar, lemuel_doored_altar, uniq_edmund
D:5:      layout_basic, first_ration, serial_shops, shop_statue,
          gammafunk_ghost_cemetery
D:7:      layout_rooms, minmay_temple_entry_hall, nicolae_ossuary_entry_giza,
          uniq_crazy_yiuf_cottage
D:8:      layout_basic, serial_shops, shop, grunt_ogre_cave
D:9:      layout_roguey, okawaru_gym_becter, yredelemnul_altar_generic,
          david_orc_5, serial_shops, shop, nicolae_shop_crystal,
          nicolae_shop_behind_doors
Temple:   eino_narrow_crystal_temple

Notes
Turn   | Place    | Note
-------+----------+-------------------------------------------
     0 | D:1      | lepoulpe303 the Kobold Hunter began the quest for the Orb.
     0 | D:1      | Reached XP level 1. HP: 12/12 MP: 1/1
   142 | D:1      | Reached skill level 5 in Crossbows
   142 | D:1      | Reached XP level 2. HP: 17/17 MP: 2/2
   156 | D:1      | Identified a +0 dagger
   171 | D:1      | Reached skill level 2 in Stealth
   268 | D:1      | Identified a +0 club
   271 | D:1      | Reached XP level 3. HP: 13/22 MP: 3/3
   278 | D:1      | Identified a +0 dagger
   598 | D:1      | Identified a +0 club
   598 | D:1      | Identified a cursed -2 whip
   600 | D:1      | Identified a +0 whip
   826 | D:1      | Identified a +1 hand crossbow
   861 | D:2      | Identified a +0 ring mail (You found it on level 2 of the
                  | Dungeon)
   949 | D:2      | Identified a +0 short sword
  1041 | D:2      | Reached XP level 4. HP: 15/27 MP: 4/4
  1214 | D:2      | Reached skill level 1 in Armour
  1214 | D:2      | Reached skill level 3 in Dodging
  1370 | D:2      | Identified a +0 dagger
  1370 | D:2      | Identified a +0 hunting sling
  1670 | D:3      | Identified 3 scrolls of identify
  1670 | D:3      | Identified a ring of strength (You found it on level 3 of
                  | the Dungeon)
  1809 | D:3      | Identified a cursed -2 club
  1862 | D:3      | Reached XP level 5. HP: 27/32 MP: 5/5
  2010 | D:3      | Identified a +0 club
  2015 | D:3      | Identified a +0 club
  2017 | D:3      | Reached skill level 3 in Stealth
  2028 | D:3      | Identified 3 scrolls of remove curse
  2029 | D:3      | Identified a +2 dagger of venom (You found it on level 3 of
                  | the Dungeon)
  2065 | D:3      | Identified a +2 hat (You found it on level 3 of the
                  | Dungeon)
  2087 | D:3      | Reached skill level 3 in Fighting
  2087 | D:3      | Reached skill level 6 in Crossbows
  2097 | D:3      | Identified a +0 dagger
  2125 | D:3      | Identified a +0 club
  2144 | D:3      | Identified a +2 antimagic dagger
  2146 | D:3      | Identified a +0 club
  2171 | D:3      | Identified a +0 flail
  2171 | D:3      | Identified a +3 chain mail
  2171 | D:3      | Identified a +0 flail
  2171 | D:3      | Identified a +0 hand axe
  2172 | D:3      | Identified a +0 club
  2172 | D:3      | Identified a +0 falchion
  2185 | D:3      | Reached XP level 6. HP: 33/37 MP: 6/6
  2366 | D:4      | Identified a +0 dagger
  2366 | D:4      | Identified a +0 robe
  2366 | D:4      | Identified a +0 dagger
  2366 | D:4      | Identified a +0 robe
  2424 | D:4      | Noticed a phantom
  2439 | D:4      | Killed a phantom
  2439 | D:4      | Reached skill level 2 in Armour
  2578 | D:4      | Identified a +2 dire flail of venom
  2578 | D:4      | Identified a +0 scale mail
  2578 | D:4      | Noticed Edmund
  2604 | D:4      | Killed Edmund
  2604 | D:4      | Reached skill level 1 in Short Blades
  2604 | D:4      | Reached skill level 4 in Dodging
  2604 | D:4      | Reached skill level 4 in Stealth
  2604 | D:4      | Reached XP level 7. HP: 25/42 MP: 7/7
  2629 | D:4      | HP: 9/42 [worker ant (4)]
  2853 | D:4      | Reached skill level 7 in Crossbows
  2942 | D:4      | Reached skill level 2 in Short Blades
  3142 | D:4      | Found a bloodstained altar of Trog.
  3181 | D:4      | Identified a +0 trident
  3181 | D:4      | Identified a +0 dagger
  3182 | D:4      | Identified a +0 dagger
  3182 | D:4      | Identified a +0 ring mail
  3184 | D:4      | Identified a +0 ring mail
  3279 | D:4      | Identified an uncursed amulet of guardian spirit
  3281 | D:4      | Reached skill level 4 in Fighting
  3281 | D:4      | Reached XP level 8. HP: 48/48 MP: 8/8
  3288 | D:4      | Found a burning altar of Makhleb.
  3301 | D:4      | Reached skill level 3 in Armour
  3524 | D:5      | Entered Level 5 of the Dungeon
  3658 | D:5      | Found Cenwixkile's Armour Boutique.
  3666 | D:5      | Identified a +0 dagger
  3666 | D:5      | Identified a +0 leather armour
  3666 | D:5      | Identified a +0 dagger
  3666 | D:5      | Identified a +0 robe
  3668 | D:5      | Identified a +0 dagger
  3714 | D:5      | Bought a +0 cloak of magic resistance for 115 gold pieces
  3809 | D:5      | You fall into a shaft and drop 2 floors!
  3814 | D:7      | Identified a +0 hunting sling
  3832 | D:7      | Identified a +0 short sword
  3832 | D:7      | Identified a +0 leather armour
  3842 | D:7      | Reached skill level 5 in Stealth
  3873 | D:7      | Identified 2 scrolls of teleportation
  3877 | D:7      | Found a runed translucent door.
  3878 | D:7      | Identified a +2 quarterstaff of chaos
  3878 | D:7      | Identified a +2 cloak of stealth
  3878 | D:7      | Noticed Crazy Yiuf
  3887 | D:7      | Paralysed by Crazy Yiuf for 2 turns
  3889 | D:7      | HP: 9/48 [Crazy Yiuf/+2 quarterstaff of chaos (4)]
  3890 | D:7      | Identified 2 potions of curing
  3894 | D:7      | Killed Crazy Yiuf
  3941 | D:7      | Identified a +0 shortbow
  3969 | D:7      | Reached skill level 3 in Short Blades
  4015 | D:7      | Identified a +0 scimitar of holy wrath
  4015 | D:7      | Identified a +0 plate armour
  4015 | D:7      | Identified a +0 hand axe
  4015 | D:7      | Identified a +0 leather armour
  4015 | D:7      | Identified a +0 whip
  4015 | D:7      | Identified a +0 ring mail
  4015 | D:7      | Identified a +0 war axe
  4015 | D:7      | Identified a cursed +0 ring mail
  4016 | D:7      | Identified a +0 dagger
  4016 | D:7      | Identified a +0 robe
  4066 | D:7      | HP: 8/48 [orc warrior/stone (8)]
  4074 | D:7      | Found a sand-covered staircase.
  4079 | Ossuary  | Entered an ossuary
  4435 | Ossuary  | Reached skill level 8 in Crossbows
  4495 | D:7      | Reached skill level 5 in Dodging
  4699 | D:7      | Reached XP level 9. HP: 52/52 MP: 9/9
  4745 | D:7      | Found a staircase to the Ecumenical Temple.
  4751 | Temple   | Entered the Ecumenical Temple
  5035 | D:7      | Identified a +0 dagger
  5038 | D:7      | Reached skill level 4 in Armour
  5349 | D:8      | Identified a +0 battleaxe
  5349 | D:8      | Identified a +0 chain mail
  5355 | D:8      | Identified a +0 club
  5357 | D:8      | Identified a +0 club
  5357 | D:8      | Identified a +0 ring mail
  5487 | D:8      | Identified a +0 giant club
  5493 | D:8      | Reached skill level 5 in Fighting
  5493 | D:8      | Reached skill level 4 in Short Blades
  5638 | D:8      | Found Luesu's Antique Armour Shop.
  5719 | D:8      | Identified a +0 giant spiked club
  5901 | D:8      | Identified a +0 dagger
  5901 | D:8      | Identified a +0 whip
  5903 | D:8      | Identified a +0 dagger
  6077 | D:9      | Found Fipyol's Food Shop.
  6079 | D:9      | Identified a +0 giant club
  6079 | D:9      | Identified a +0 giant spiked club
  6079 | D:9      | Noticed a two-headed ogre
  6112 | D:8      | HP: 10/54 [two-headed ogre/+0 giant club (11)]
  6639 | D:9      | Found a basalt altar of Yredelemnul.
  6711 | D:9      | Identified a +0 giant club
  6711 | D:9      | Identified a +0 giant club
  6711 | D:9      | Noticed a two-headed ogre
  6712 | D:9      | Found Kawujut's Armour Shoppe.
  6780 | D:9      | HP: 11/54 [two-headed ogre/+0 giant club (5)]
  6851 | D:9      | HP: 5/54 [two-headed ogre/+0 giant club (11)]
  6851 | D:9      | Slain by a two-headed ogre

Table legend:
 A = Turns spent in this place as a percentage of turns spent in the entire game.
 B = Non-inter-level travel turns spent in this place as a percentage of non-inter-level travel turns spent in the entire game.
 C = Inter-level travel turns spent in this place as a percentage of turns spent in this place.
 D = Turns resting spent in this place as a percentage of non-inter-level travel turns spent in this place.
 E = Turns spent auto-exploring this place as a percentage of non-inter-level travel turns spent in this place.
 F = Non-inter-level travel turns spent in this place divided by the number of levels of this place that you've seen.
                   A       B       C       D       E      F
               +-------+-------+-------+-------+-------+----------------------
         Total | 100.0 | 100.0 |   4.9 |  22.4 |  50.7 | 651.7
       Dungeon |  90.4 |  90.1 |   5.2 |  21.1 |  50.7 | 733.6
        Temple |   3.7 |   3.7 |   5.2 |   0.0 |  99.2 | 238.0
       Ossuary |   6.0 |   6.3 |   0.0 |  53.7 |  22.9 | 410.0
               +-------+-------+-------+-------+-------+----------------------

Table legend:
 A = Kills in this place as a percentage of kills in entire the game.
 B = Kills by you in this place as a percentage of kills by you in the entire game.
 C = Kills by friends in this place as a percentage of kills by friends in the entire game.
 D = Other kills in this place as a percentage of other kills in the entire game.
 E = Experience gained in this place as a percentage of experience gained in the entire game.
 F = Experience gained in this place divided by the number of levels of this place that you have seen.
                   A       B       C       D       E      F
               +-------+-------+-------+-------+-------+----------------------
         Total | 100.0 | 100.0 |   N/A |   N/A | 100.0 | 286.2
       Dungeon |  87.7 |  87.7 |   N/A |   N/A |  97.4 | 348.4
       Ossuary |  12.3 |  12.3 |   N/A |   N/A |   2.6 |  75.0
               +-------+-------+-------+-------+-------+----------------------

Skill      XL: |  1  2  3  4  5  6  7  8  9 |
---------------+----------------------------+-----
Crossbows      | 5 6 7 8 |  8.9
Stealth        | 2 3 4 5 |  5.5
Armour         | 1 2 3 4 |  4.6
Dodging        | 3 4 5 |  5.7
Fighting       | 3 4 5 |  5.2
Short Blades   | 1 2 3 4 |  4.4

Action                   |  1- 3 |  4- 6 |  7- 9 || total
-------------------------+-------+-------+-------++-------
Melee: Short sword       |    18 |    53 |    59 ||   130
       Dagger            |       |    21 |   124 ||   145
 Fire: Hand crossbow     |    74 |    74 |   254 ||   402
Evoke: Wand              |       |       |     9 ||     9
  Use: Scroll            |       |     2 |     1 ||     3
       Potion            |       |       |     1 ||     1
 Stab: Sleeping          |     1 |     1 |       ||     2
  Eat: Chunk             |     8 |     6 |    11 ||    25
Armor: Leather armour    |    10 |       |       ||    10
       Ring mail         |     5 |    23 |       ||    28
       Chain mail        |       |    11 |   137 ||   148
Dodge: Dodged            |    35 |    42 |   113 ||   190

Vanquished Creatures
  Edmund (D:4)
  2 orc warriors
  A sky beast (D:5)
  2 phantoms
  2 ogres (D:8)
  A centaur (D:7)
  A big kobold (D:8)
  A bullfrog (D:8)
  A scorpion (D:3)
  2 howler monkeys
  2 crimson imps (D:7)
  3 centaur skeletons
  A bullfrog zombie (D:9)
  A jelly (D:9)
  Crazy Yiuf (D:7)
  An orc priest (D:4)
  4 orc wizards
  3 iron imps (D:4)
  3 worker ants (D:4)
  A hound skeleton (D:7)
  4 mummies
  3 worker ant zombies (D:7)
  A howler monkey skeleton (D:4)
  13 adders
  3 oozes
  3 adder zombies
  2 worms
  4 dart slugs
  2 leopard geckos
  20 orcs
  2 ball pythons
  4 giant cockroaches
  8 goblins
  8 hobgoblins
  2 jackals (D:4)
  10 kobolds
  3 quokkas
  6 bats
  6 frilled lizards
  2 goblin zombies (Ossuary)
  4 hobgoblin zombies
  A jackal skeleton (D:4)
  7 kobold zombies
  A leopard gecko skeleton (D:8)
  2 quokka skeletons
  3 quokka zombies (Ossuary)
  10 rats
  3 rat zombies (Ossuary)
171 creatures vanquished.
